 Dungeon Crawl Stone Soup version 0.29-a0-304-gb34f9e1 (webtiles) character file.

Game seed: 2481351451579780021

277 Think the Cutter (level 6, -2/42 HPs)
             Began as an Octopode Fighter on Oct 9, 2021.
             Was a Follower of Okawaru.
             Slain by an orc priest
             ... wielding a +3 short sword
              (3 damage)
             ... on level 4 of the Dungeon on Mar 25, 2022.
             The game lasted 00:10:57 (3876 turns).

Think the Cutter (Octopode Fighter)                 Turns: 3876, Time: 00:10:58

Health: -2/42      AC:  1    Str: 16    XL:     6   Next: 25%
Magic:  4/6        EV: 15    Int: 10    God:    Okawaru [*.....]
Gold:   107        SH:  6    Dex: 12    Spells: 5/5 levels left

rFire   . . .      SeeInvis .   a - +0 rapier
rCold   . . .      Faith    .   b - +0 buckler
rNeg    . . .      Spirit   .   (helmet restricted)
rPois   .          Reflect  .   (no amulet)
rElec   .          Harm     .   (no ring)
rCorr   .          Rampage  .   (no ring)
Will    .....                   (no ring)
Stlth   ++++......              (no ring)
HPRegen 0.14/turn               (no ring)
MPRegen 0.10/turn               (no ring)
                                (no ring)
                                (no ring)

@: about to teleport, heroic
A: almost no armour, amphibious, 8 rings, camouflage 1, gelatinous body 1,
(nimble swimmer 1), tentacles
a: Renounce Religion, Heroism


You were on level 4 of the Dungeon.
You worshipped Okawaru.
Okawaru was aware of your devotion.
You visited 1 branch of the dungeon, and saw 4 of its levels.

You collected 227 gold pieces.
You spent 120 gold pieces at shops.

Inventory:

Hand Weapons
 a - a +0 rapier (weapon)
Armour
 b - a +0 buckler (worn)
Wands
 k - a wand of paralysis (10)
Scrolls
 d - a scroll of teleportation
 e - a scroll of enchant weapon
 f - 2 scrolls of identify
 g - 2 scrolls of noise {unknown}
 i - 2 scrolls of holy word {unknown}
 j - a scroll of enchant armour {unknown}
Potions
 c - 2 potions of lignification {unknown}
 h - a potion of resistance {unknown}
 l - a potion of heal wounds {unknown}


   Skills:
 - Level 3.0(8.0) Fighting
 + Level 6.4(11.4) Short Blades
 - Level 3.0(8.0) Dodging
 - Level 3.0(8.0) Shields


You had 5 spell levels left.
You didn't know any spells.
Your spell library contained the following spells:

 Spells                   Type           Power      Damage    Failure   Level
 Apportation              Tloc           0%         N/A       43%         1
 Gell's Gravitas          Tloc           0%         N/A       80%         3
 Lesser Beckoning         Tloc           0%         N/A       80%         3
 Ozocubu's Armour         Ice            0%         N/A       80%         3
 Teleport Other           Tloc           0%         N/A       80%         3
 Ozocubu's Refrigeration  Ice            0%         4d5       100%        7
 Animate Skeleton         Necr           Unusable   N/A       N/A         1
 Summon Small Mammal      Summ           Unusable   N/A       N/A         1

Dungeon Overview and Level Annotations

Branches:
Dungeon (4/15)
 Temple: D:4-7

Altars:
Okawaru
Beogh

Shops:
D:1 :   D:3 [   D:4 :


Innate Abilities, Weirdness & Mutations

You cannot wear most types of armour.
You are amphibious.
You can wear up to eight rings at the same time.
Your skin changes colour to match your surroundings (Stealth+).
Your rubbery body absorbs attacks. (AC +1, EV +1)
((You are camouflaged when in or above water. (Stealth+)))
You have tentacles for arms and can constrict up to eight enemies at once.


Message History

You kill the ball python!
Okawaru accepts your kill.
No target in view!
You open the door.
An orc and 2 orc priests come into view.
The orc priest shouts!
The orc shouts!
The orc priest shouts!
Found 46 gold pieces.
Found a roughly hewn altar of Beogh.
The orc priest calls down the wrath of Beogh upon you.
Beogh smites you!
You start resting.
An orc priest is nearby!
The orc priest mumbles some strange prayers to Beogh against you.
Beogh smites you!
The orc priest hits you with a +0 hand axe.
The orc priest closely misses you.
You hit the orc priest. Your grab misses the orc priest.
Your squeeze misses the orc priest.
The orc priest is lightly wounded.
You block the orc priest's attack.
The orc priest hits you with a +3 short sword.
* * * LOW HITPOINT WARNING * * *
You barely miss the orc priest. You grab the orc priest.
The orc priest is lightly wounded.
You constrict the orc priest, but do no damage.
You block the orc priest's attack.
The orc priest hits you with a +3 short sword.
* * * LOW HITPOINT WARNING * * *
You gain the combat prowess of a mighty hero.
You constrict the orc priest.
The orc priest hits you with a +0 hand axe.
* * * LOW HITPOINT WARNING * * *
The orc priest hits you with a +3 short sword.
* * * LOW HITPOINT WARNING * * *
As you read the scroll of teleportation, it crumbles to dust.
You feel strangely unstable.
You constrict the orc priest. The orc priest closely misses you.
The orc priest misses you.
You release your grip on the orc priest.
The orc priest attacks as you move away!
The orc priest hits you with a +3 short sword.
You die...

......<.............##
.##.................#
#.........#.....###
##.......###.......##
####.......##
#........#
............#
##........
....#.....###
#..####...
.........##..$##.# ###
..#......#$8$8.#@#
..#......#_$..ooo#
.....##..#.8.8.###
.....###.##...#
......##..####
.........## #.......##
#.......# #......##


You could see 2 orc priests and an orc.

Vanquished Creatures
  A phantom (D:3)
  A hound (D:3)
  2 iguanas (D:4)
  4 adders (D:2)
  4 dart slugs
  2 worms
  4 orcs
  6 bats
  5 endoplasms
  5 giant cockroaches
  4 hobgoblins
  3 quokkas (D:1)
  6 ball pythons
  A frilled lizard (D:3)
  10 goblins
  4 kobolds
  3 rats
65 creatures vanquished.

Notes
Turn   | Place    | Note
-------+----------+-------------------------------------------
     0 | D:1      | Think the Octopode Fighter began the quest for the Orb.
     0 | D:1      | Reached XP level 1. HP: 16/16 MP: 1/1
   136 | D:1      | Reached XP level 2. HP: 21/21 MP: 2/2
   232 | D:1      | Reached skill level 3 in Short Blades
   543 | D:1      | Found a faded altar of an unknown god.
   548 | D:1      | Became a worshipper of Warmaster Okawaru
   548 | D:1      | Reached * piety under Okawaru
   564 | D:1      | Found Italo's Book Shoppe.
   635 | D:1      | Reached XP level 3. HP: 26/26 MP: 3/3
  1074 | D:2      | Reached skill level 4 in Short Blades
  1292 | D:2      | Reached XP level 4. HP: 30/31 MP: 4/4
  2144 | D:3      | Reached skill level 5 in Short Blades
  2144 | D:3      | Reached XP level 5. HP: 36/36 MP: 5/5
  2286 | D:3      | Found Miukirr's Armour Shop.
  2881 | D:3      | Upgraded the game from 0.28-a0-631-g0446da8 to
                  | 0.29-a0-304-gb34f9e1
  2893 | D:4      | Noticed a phantom
  2935 | D:3      | Killed a phantom
  2936 | D:3      | Reached skill level 6 in Short Blades
  3427 | D:4      | Reached XP level 6. HP: 42/42 MP: 6/6
  3812 | D:4      | Found Wocvif's Book Boutique.
  3819 | D:4      | Bought a book of Cantrips for 120 gold pieces
  3874 | D:4      | HP: 1/42 [orc priest/+3 short sword (3)]
  3876 | D:4      | Slain by an orc priest

Illustrated notes

Levels and vault maps discovered:
D:1:      tarquinn_simple_flora_water_d, layout_basic, serial_shops, shop,
          shapermc_ecumenical_altar_hornbeckon
D:2:      layout_loops_cross
D:3:      layout_basic, serial_shops, nicolae_shop_crystal,
          minmay_misc_feat_alley
D:4:      layout_layer_cave, serial_shops, shop, kennysheep_orc_chapel

Skill      XL: |  1  2  3  4  5 |
---------------+----------------+-----
Short Blades   | 3 4 5 6 |  6.4
Fighting       | |  3.0
Dodging        | |  3.0
Shields        | |  3.0

Action                   |  1- 3 |  4- 6 || total
-------------------------+-------+-------++-------
Melee: Rapier            |    51 |    95 ||   146
       Constrict         |    16 |    15 ||    31
       Tentacles         |    10 |    14 ||    24
       Punch             |       |     1 ||     1
Invok: Heroism           |       |     4 ||     4
  Use: Scroll            |       |     3 ||     3
       Potion            |       |     1 ||     1
 Stab: Sleeping          |     9 |     7 ||    16
Armor: Skin              |     2 |     4 ||     6
Dodge: Dodged            |    26 |    46 ||    72
Block: Buckler           |     4 |    11 ||    15

Table legend: (Time is in decaauts)
 A = Elapsed time spent in this place.
 B = Non-inter-level travel time spent in this place.
 C = Inter-level travel time spent in this place.
 D = Time resting spent in this place.
 E = Time spent auto-exploring this place.
 F = Levels seen in this place.
 G = Mean time per level.
                   A        B        C        D        E       F      G
               +--------+--------+--------+--------+--------+-----+--------+
         Total |   3873 |   3776 |     97 |    657 |   2643 |   4 |  968.2 |
       Dungeon |   3873 |   3776 |     97 |    657 |   2643 |   4 |  968.2 |
               +--------+--------+--------+--------+--------+-----+--------+

Top non-repeatable levels by time:
     D:2: 1098 daAuts
     D:3: 1085 daAuts
     D:1: 1016 daAuts
     D:4: 673 daAuts
